 Dungeon Crawl Stone Soup version 0.31-a0-177-g4aa6249778 (webtiles) character file.

Game seed: 11068150045897586785

95 Jeffwins the Shooter (level 4, -2/29 HPs)
             Began as an Octopode Wanderer on June 19, 2023.
             Slain by an orc priest
             ... wielding a +0 hand axe
              (8 damage)
             ... on level 3 of the Dungeon.
             The game lasted 00:03:55 (1622 turns).

Jeffwins the Shooter (Octopode Wanderer)            Turns: 1622, Time: 00:03:55

Health: -2/29      AC:  1    Str: 10    XL:     4   Next: 66%
Magic:  13/13      EV: 14    Int: 12    God:
Gold:   42         SH:  0    Dex: 16    Spells: 3/3 levels left

rFire   . . .        a - +2 sling
rCold   . . .        (no shield)
rNeg    . . .        c - +0 hat
rPois   .            (no amulet)
rElec   .            W - ring of magical power
rCorr   .            (no ring)
SInv    .            (no ring)
Will    .....        (no ring)
Stlth   +++          (no ring)
HPRegen 0.24/turn    (no ring)
MPRegen 0.13/turn    (no ring)
                     (no ring)

%: no passive effects
@: no status effects
A: almost no armour, amphibious, 8 rings, camouflage 1, gelatinous body 1,
(nimble swimmer 1), tentacles
a: no special abilities


You were on level 3 of the Dungeon.
You visited 1 branch of the dungeon, and saw 3 of its levels.

You collected 42 gold pieces.


Innate Abilities, Weirdness & Mutations

You cannot wear most types of armour.
You are amphibious.
You can wear up to eight rings at the same time.
Your skin changes colour to match your surroundings (Stealth+).
Your rubbery body absorbs attacks. (AC +1, EV +1)
((You are camouflaged when in or above water. (Stealth+)))
You have tentacles for arms and can constrict up to eight enemies at once.


   Skills:
 + Level 2.0 Fighting
 - Level 1.0 Short Blades
 * Level 4.9 Ranged Weapons
 + Level 3.5 Dodging
 + Level 2.9 Stealth


You had 3 spell levels left.
You didn't know any spells.
Your spell library was empty.

Inventory:

Hand Weapons
 a - a +2 sling (weapon)
 b - a +0 short sword
Missiles
 l - 4 poisoned darts
Armour
 c - a +0 hat (worn)
Jewellery
 W - a ring of magical power (left tentacle)
Scrolls
 d - a scroll of fear
 e - 5 scrolls of identify {unknown}
 f - 3 scrolls of amnesia {unknown}
 g - a scroll of poison {unknown}
 i - a scroll of vulnerability {unknown}
 k - 2 scrolls of enchant armour {unknown}
 o - a scroll of immolation {unknown}
Potions
 h - 2 potions of enlightenment {unknown}
 j - a potion of curing {@q1}
 m - 2 potions of attraction {unknown}
 n - a potion of haste {unknown}
 p - a potion of cancellation {unknown}

Dungeon Overview and Level Annotations

Branches:
Dungeon (3/15)

Altars:

Shops:
D:1

[ #...+ ▒. #..$▒ ▒.
#...▒ ▒. #...▒ ▒.
#.).▒ ▒. #...▒ ▒.
#..o▒ ▒. #.)@▒
▒▒▒▒▒▒▒▒. #...▒
.........
#>..▒▒▒▒▒▒▒▒▒▒▒▒▒▒▒▒
#(............(.....
#...................
####################
# # #


You could see an orc priest.


Message History

You shoot a sling bullet. The sling bullet barely misses the orc.
The sling bullet hits the orc priest.
The orc priest is moderately wounded.
You shoot a sling bullet. The sling bullet hits the orc.
The orc is almost dead.
The orc misses you. The orc priest misses you.
You shoot a sling bullet. The sling bullet hits the orc.
You kill the orc!
The orc priest hits you with a +0 hand axe.
Your Fighting skill increases to level 2!
You shoot a sling bullet. The sling bullet hits the orc priest.
The orc priest is heavily wounded.
The orc priest hits you with a +0 hand axe.
You shoot a sling bullet.
The sling bullet hits the orc priest but does no damage.
The orc priest is heavily wounded.
The orc priest misses you.
You shoot a sling bullet.
The sling bullet hits the orc priest but does no damage.
The orc priest is heavily wounded.
The orc priest hits you with a +0 hand axe.
* * * LOW HITPOINT WARNING * * *
The orc priest invokes the aid of Beogh against you.
Pain shoots through your body!
* * * LOW HITPOINT WARNING * * *
You shoot a sling bullet.
The sling bullet hits the orc priest but does no damage.
The orc priest is heavily wounded.
The orc priest hits you with a +0 hand axe!
You die...

Skill      XL: |  1  2  3  4 |
---------------+-------------+-----
Stealth        | 2 |  2.9
Fighting       | 2 |  2.0
Short Blades   | |  1.0
Ranged Weapons | |  4.9
Dodging        | |  3.5

Action                     |  1- 3 |  4- 6 || total
---------------------------+-------+-------++-------
  Melee: Short sword       |     3 |       ||     3
         Constrict         |     1 |       ||     1
   Fire: Sling             |    89 |    64 ||   153
    Use: Potion            |     1 |       ||     1
 Armour: Skin              |     3 |     1 ||     4
  Dodge: Dodged            |    22 |    10 ||    32

Levels and vault maps discovered:
D:1:      minmay_arrival_five_plusses, layout_basic, serial_shops, shop,
          minmay_heptomino_l4
D:2:      layout_rooms, nicolae_ecumenical_snake_handling, grunt_decor_fettered,
          minmay_lizard_pond
D:3:      layout_basic

Notes
Turn   | Place    | Note
-------+----------+-------------------------------------------
     0 | D:1      | Jeffwins the Octopode Wanderer began the quest for the Orb.
     0 | D:1      | Jeffwins set off with the following items: a +2 sling, a +0
                  | short sword, a +0 hat, a scroll of fear.
     0 | D:1      | Reached XP level 1. HP: 13/13 MP: 1/1
   165 | D:1      | Reached XP level 2. HP: 18/18 MP: 2/2
   253 | D:1      | Found Kuhiw's Armour Shoppe.
   359 | D:1      | Reached skill level 2 in Stealth
   612 | D:2      | Found a faded altar of an unknown god.
   625 | D:2      | Reached XP level 3. HP: 20/23 MP: 3/3
  1204 | D:2      | Reached XP level 4. HP: 29/29 MP: 4/4
  1619 | D:3      | Reached skill level 2 in Fighting
  1622 | D:3      | Slain by an orc priest

Vanquished Creatures
  2 adders
  A worm (D:2)
  2 dart slugs
  4 orcs (D:3)
  7 ball pythons
  2 bats
  5 endoplasms
  4 giant cockroaches
  3 goblins
  6 hobgoblins
  4 jackals
  5 quokkas
  8 frilled lizards
  2 kobolds
  5 rats
60 creatures vanquished.

Table legend: (Time is in decaauts)
 A = Elapsed time spent in this place.
 B = Non-inter-level travel time spent in this place.
 C = Inter-level travel time spent in this place.
 D = Time resting spent in this place.
 E = Time spent auto-exploring this place.
 F = Levels seen in this place.
 G = Mean time per level.
                   A        B        C        D        E       F      G
               +--------+--------+--------+--------+--------+-----+--------+
         Total |   1645 |   1575 |     70 |      0 |   1269 |   3 |  548.3 |
       Dungeon |   1645 |   1575 |     70 |      0 |   1269 |   3 |  548.3 |
               +--------+--------+--------+--------+--------+-----+--------+

Top non-repeatable levels by time:
     D:2: 626 daAuts
     D:1: 599 daAuts
     D:3: 419 daAuts

Table legend:
 A = Non-vault XP
 B = Vault XP
 C = Vault XP percentage of total XP
 D = Non-vault monster count
 E = Vault monster count
 F = Vault count percentage of total count
                 A         B        C        D         E       F
            +---------+---------+-------+---------+---------+-------
      Total |     122 |      15 |  10.9 |      50 |      10 |  16.7
            +---------+---------+-------+---------+---------+-------
        D:1 |      23 |       6 |  20.7 |      12 |       3 |  20.0
        D:2 |      45 |       9 |  16.7 |      16 |       7 |  30.4
        D:3 |      54 |       0 |   0.0 |      22 |       0 |   0.0
            +---------+---------+-------+---------+---------+-------
